 Dungeon Sprint DCSS version 0.31-a0-662-g684573625c (webtiles) character file.

Game seed: 1611295027052767625

9393 sircluck the Brawler (level 11, -3/130 HPs)
             Began as a Troll Berserker on Sept 2, 2023.
             Was the Champion of Trog.
             Slain by a demonic crawler (16 damage)
             ... in the Dungeon (Sprint I: "Red Sonja").
             The game lasted 00:07:46 (1113 turns).

sircluck the Brawler (Troll Berserker)              Turns: 1113, Time: 00:07:47

Health: -3/130     AC:  0    Str: 33    XL:     11   Next: 22%
Magic:  10/10      EV: 16    Int:  3    God:    Trog [******]
Gold:   65         SH:  0    Dex: 14    Spells: 10/10 levels left

rFire   . .          .
                       - Unarmed
rCold   . . .        (no shield)
rNeg    + . .        l - +0 troll leather armour
rPois   .            (helmet restricted)
rElec   +            (no cloak)
rCorr   .            (gloves unavailable)
SInv    .            (boots unavailable)
Will    .....        (no amulet)
Stlth   +            t - ring of Rirphoih {*Corrode rElec rN+ Str+2 Dex+5}
HPRegen 2.01/turn    (no ring)
MPRegen 0.12/turn

%: no teleportation, corrode self (3%)
@: corroded, on berserk cooldown, slowed, very slow
A: large, unfitting armour, claws 3, regeneration 1, shaggy fur 2, tough skin 1,
deformed body
a: Renounce Religion, Berserk, Trog's Hand, Brothers in Arms


You were in the Dungeon.
You worshipped Trog.
Trog was exalted by your worship.
You visited 1 branch You collected 1561 gold pieces.
You spent 1496 gold pieces at shops.

Inventory:

Missiles
 d - 3 curare-tipped darts
 m - 13 stones
 p - 5 poisoned darts
Armour
 a - a +0 animal skin
 l - a +0 troll leather armour (worn)
Jewellery
 n - a ring of magical power
 t - the ring of Rirphoih (left claw) {*Corrode rElec rN+ Str+2 Dex+5}
   (You bought it in a shop in the Dungeon)

   [ring of positive energy]

   Str+2:     It affects your strength (+2).
   Dex+5:     It affects your dexterity (+5).
   rElec:     It insulates you from electricity.
   rN+:       It protects you from negative energy.
   *Corrode:  It may corrode you when you take damage.
Wands
 h - a wand of charming (6)
Scrolls
 g - a scroll of blinking
 k - 2 scrolls of identify {unknown}
 r - a scroll of vulnerability {unknown}
 s - a scroll of revelation
Potions
 b - 3 potions of curing
 c - 2 potions of heal wounds
 e - 2 potions of magic
 f - 2 potions of berserk rage
 i - 2 potions of attraction {unknown}
 j - a potion of might
Miscellaneous
 o - a tin of tremorstones (2/2)
 q - a lightning rod (4/4)


   Skills:
 + Level 14.0 Fighting
 + Level 13.8 Dodging
 + Level 16.2 Unarmed Combat


You had 10 spell levels left.
You didn't know any spells.
Your spell library was empty.

Dungeon Overview and Level Annotations

Branches:
Dungeon (1/1)

Altars:
Cheibriados
Dithmenos
Elyvilon
Fedhas
Gozag
Hepliaklqana
Kikubaaqudgha
Makhleb
Nemelex Xobeh
Okawaru
Qazlal
Ru
Sif Muna
Trog
Uskayaw
Vehumet
Wu Jian
Xom
Yredelemnul
Zin
The Shining One
Jiyva
Lugonu

Shops:
D *(*!*([:*[!(*??*=(*[*


Innate Abilities, Weirdness & Mutations

You are too large for most types of armour.
You have claws for hands.
Your natural rate of healing is unusually fast.
You are covered in thick fur. (AC +2)
You have tough skin. (AC +1)
Armour fits poorly on your strangely shaped body.


Message History

The demonic crawler hits you!!
You closely miss the demonic crawler. The demonic crawler hits you! x2
The demonic crawler barely misses you. The demonic crawler misses you.
The demonic crawler hits you! The demonic crawler hits you.
You mangle the demonic crawler!!
The demonic crawler is heavily wounded.
You claw the demonic crawler!
The demonic crawler is heavily wounded.
The demonic crawler hits you! The demonic crawler barely misses you.
The demonic crawler hits you. The demonic crawler hits you!
The demonic crawler barely misses you. The demonic crawler closely misses you.
You mangle the demonic crawler!!
The demonic crawler is almost dead.
The demonic crawler closely misses you. The demonic crawler misses you.
The demonic crawler hits you! x2
* * * LOW HITPOINT WARNING * * *
The demonic crawler hits you!!
* * * LOW HITPOINT WARNING * * *
The demonic crawler hits you!
* * * LOW HITPOINT WARNING * * *
You claw the demonic crawler!
You kill the demonic crawler!
Trog accepts your kill.
Your Fighting skill increases to level 14!
Unknown command.
You feel a strong urge to attack something.
The demonic crawler attacks as it pursues you!
The demonic crawler closely misses you.
The demonic crawler completely misses you.
The demonic crawler barely misses you.
Things that are here:
a +0 dagger; a +0 robe
There is an open door here.
You see here a +1 heavy glaive.
You feel your anger nearly subside.
You are no longer berserk.
You are exhausted.
You feel yourself slow down.
The demonic crawler attacks as it pursues you!
The demonic crawler closely misses you. The demonic crawler hits you!
You die...

######################***********
..)..#..'..#__#.@s)s.#,,*,,,,+,,,
..#..'..#..)..'..#).s##+#,****,,,
####'#####'#__####...'..#,*,***,,
###..#...#.####§§#####..+§*+*,***
__####..##)#~§§§§#.§##+###*,,,*,*
_____##'#_.'~~~§.'§.#.....*,,,***
_.∩...'..._#~~~§.#..#....○+,,,,,*
_..__##_)#'##'#####'###°9.*,,,,,*
_____###'#.#..).###.'§#...***++**


You could see 3 demonic crawlers.

Vanquished Creatures
  2 centaur warriors (D)
  A demonic crawler (D)
  Sonja (D)
  A deep troll (D)
  3 shining eyes (D)
  An oklob plant (D)
  2 unseen horrors (D)
  2 kobold demonologists (D)
  A hornet (D)
  A slime creature (D)
  A yak (D)
  2 redbacks (D)
  2 floating eyes (D)
  An ogre (D)
  7 necrophages (D)
  8 jellies (D)
  Ijyb (D)
  A ballistomycete spore (D)
38 creatures vanquished.

Vanquished Creatures (collateral kills)
  5 shining eyes (D)
  4 floating eyes (D)
9 creatures vanquished.

Vanquished Creatures (others)
  Sigmund (D)
  A ballistomycete spore (D)
2 creatures vanquished.

Grand Total: 49 creatures vanquished

Notes
Turn   | Place    | Note
-------+----------+-------------------------------------------
     0 | D        | sircluck the Troll Berserker began the quest for the Orb.
     0 | D        | Reached XP level 1. HP: 22/22 MP: 0/0
     1 | D        | Noticed Ijyb
    31 | D        | Killed Ijyb
    32 | D        | Reached skill level 4 in Unarmed Combat
    32 | D        | Reached XP level 2. HP: 26/32 MP: 1/1
    47 | D        | Noticed an ogre
    52 | D        | Killed an ogre
    53 | D        | Reached skill level 5 in Fighting
    53 | D        | Reached skill level 5 in Dodging
    53 | D        | Reached skill level 6 in Unarmed Combat
    53 | D        | Reached XP level 3. HP: 23/42 MP: 2/2
    53 | D        | Reached XP level 4. HP: 27/50 MP: 3/3
    74 | D        | Noticed Sigmund
    91 | D        | Found a burning altar of Makhleb.
    91 | D        | Found a viscous altar of Jiyva.
    91 | D        | Found a shimmering altar of Xom.
    91 | D        | Found a corrupted altar of Lugonu.
    91 | D        | Noticed a slime creature
    96 | D        | Your ally Sigmund died
   100 | D        | Killed a slime creature
   100 | D        | Reached ** piety under Trog
   101 | D        | Reached skill level 7 in Unarmed Combat
   101 | D        | Reached XP level 5. HP: 61/61 MP: 4/4
   101 | D        | Reached XP level 6. HP: 68/68 MP: 5/5
   149 | D        | Found an ornate altar of the Wu Jian Council.
   149 | D        | Found a shimmering blue altar of Sif Muna.
   151 | D        | Found a radiant altar of Vehumet.
   154 | D        | Reached skill level 8 in Unarmed Combat
   182 | D        | Found Ipehioh's Distillery.
   182 | D        | Found an ancient bone altar of Kikubaaqudgha.
   182 | D        | Found a hazy altar of Hepliaklqana.
   182 | D        | Found a hide-covered altar of Uskayaw.
   182 | D        | Found a basalt altar of Yredelemnul.
   182 | D        | Found an opulent altar of Gozag.
   182 | D        | Found a snail-covered altar of Cheibriados.
   182 | D        | Found a sacrificial altar of Ru.
   182 | D        | Found a shadowy altar of Dithmenos.
   182 | D        | Noticed a yak
   188 | D        | Killed a yak
   189 | D        | Found a stormy altar of Qazlal.
   189 | D        | Found a blossoming altar of Fedhas.
   189 | D        | Found a bloodstained altar of Trog.
   189 | D        | Found an iron altar of Okawaru.
   189 | D        | Found a glowing golden altar of the Shining One.
   189 | D        | Found a glowing silver altar of Zin.
   189 | D        | Found a white marble altar of Elyvilon.
   190 | D        | Found a sparkling altar of Nemelex Xobeh.
   194 | D        | Bought a potion of heal wounds for 60 gold pieces
   194 | D        | Bought a potion of might for 48 gold pieces
   199 | D        | Noticed Sonja
   205 | D        | Killed Sonja
   206 | D        | Reached skill level 10 in Unarmed Combat
   206 | D        | Reached XP level 7. HP: 82/83 MP: 6/6
   265 | D        | Noticed a deep troll
   274 | D        | Killed a deep troll
   274 | D        | Reached *** piety under Trog
   275 | D        | Reached skill level 11 in Unarmed Combat
   275 | D        | Reached XP level 8. HP: 19/93 MP: 7/7
   286 | D        | Found Jusacso's Armour Emporium.
   368 | D        | Found Dileotsa's General Store.
   376 | D        | Bought a scroll of revelation for 97 gold pieces
   376 | D        | Bought a tin of tremorstones (2/2) for 520 gold pieces
   410 | D        | Noticed a demonic crawler
   410 | D        | Noticed a demonic crawler
   410 | D        | Noticed a centaur warrior
   410 | D        | Noticed a hornet
   410 | D        | Noticed a centaur warrior
   410 | D        | Noticed a gargoyle
   410 | D        | Noticed an oklob plant
   410 | D        | Noticed an unseen horror
   410 | D        | Noticed an unseen horror
   410 | D        | Noticed a fire giant
   425 | D        | Killed a centaur warrior
   426 | D        | Reached skill level 10 in Fighting
   426 | D        | Reached skill level 10 in Dodging
   426 | D        | Reached skill level 12 in Unarmed Combat
   426 | D        | Reached XP level 9. HP: 75/102 MP: 8/8
   433 | D        | Killed a centaur warrior
   476 | D        | Reached skill level 13 in Unarmed Combat
   491 | D        | Killed an oklob plant
   491 | D        | Reached **** piety under Trog
   588 | D        | Killed an unseen horror
   588 | D        | Reached ***** piety under Trog
   589 | D        | Reached XP level 10. HP: 92/115 MP: 9/9
   607 | D        | Reached skill level 14 in Unarmed Combat
   663 | D        | Received a gift from Trog
   691 | D        | Received a gift from Trog
   715 | D        | Found Vaseras's Book Shoppe.
   715 | D        | Found Nicow's Antique Armour Shop.
   715 | D        | Found Vixy's Assorted Antiques.
   717 | D        | Found Duptel's Antique Armour Emporium.
   717 | D        | Found Batibbyw's Distillery.
   717 | D        | Found Edarch's Antique Weapon Shoppe.
   717 | D        | Found Xynesch's Assorted Antiques.
   717 | D        | Found Jethopluun's Magic Scroll Emporium.
   717 | D        | Found Ysekeqie's Magic Scroll Shop.
   717 | D        | Found Myer Romm's General Store.
   721 | D        | Found Vomnid's Jewellery Boutique.
   722 | D        | Found Worubame's General Store.
   722 | D        | Found Ostry's Antique Weapon Boutique.
   723 | D        | Found Wykhel's General Store.
   726 | D        | Bought a scroll of revelation for 105 gold pieces
   729 | D        | Bought the ring of Rirphoih {*Corrode rElec rN+ Str+2
                  | Dex+5} for 474 gold pieces
   799 | D        | Paralysed by a floating eye for 2 turns
   805 | D        | Noticed a smoke demon
   807 | D        | Reached ****** piety under Trog
   807 | D        | Received a gift from Trog
   848 | D        | Noticed a shining eye
   848 | D        | Noticed a shining eye
   848 | D        | Noticed a shining eye
   851 | D        | Gained mutation: Your magical capacity is low. (-10% MP) [a
                  | shining eye]
   954 | D        | Noticed a shining eye
   954 | D        | Gained mutation: Your body sometimes deteriorates upon
                  | taking damage. [a shining eye]
   956 | D        | Gained mutation: You are covered in thick fur. (AC +2) [a
                  | shining eye]
   956 | D        | Killed a shining eye
   957 | D        | Noticed a shining eye
   957 | D        | Noticed a shining eye
   958 | D        | Killed a shining eye
   959 | D        | Reached skill level 15 in Unarmed Combat
   959 | D        | Killed a shining eye
   960 | D        | Noticed a shining eye
   960 | D        | Noticed a shining eye
   962 | D        | Killed a shining eye
   962 | D        | Paralysed by a floating eye for 2 turns
   963 | D        | Killed a shining eye
   964 | D        | Reached XP level 11. HP: 127/127 MP: 8/8
   964 | D        | Gained mutation: You are frail. (-10% HP) [a shining eye]
   965 | D        | Killed a shining eye
   966 | D        | Gained mutation: Your spells are a little easier to cast,
                  | but a little less powerful. [a shining eye]
   966 | D        | Gained mutation: You occasionally lose the ability to read
                  | scrolls when taking damage. [a shining eye]
   967 | D        | Killed a shining eye
   967 | D        | Received a gift from Trog
   970 | D        | Killed a shining eye
   971 | D        | Reached skill level 16 in Unarmed Combat
   976 | D        | Found Xataw's Weapon Shoppe.
   976 | D        | Found Gadd's Assorted Antiques.
   976 | D        | Found Boaxin's General Store.
   976 | D        | Found Elots's Antique Weapon Boutique.
  1039 | D        | Bought a potion of mutation for 88 gold pieces
  1039 | D        | Lost mutation: Your spells are a little easier to cast, but
                  | a little less powerful. [potion of mutation]
  1039 | D        | Lost mutation: You occasionally lose the ability to read
                  | scrolls when taking damage. [potion of mutation]
  1039 | D        | Lost mutation: Your magical capacity is low. (-10% MP)
                  | [potion of mutation]
  1039 | D        | Gained mutation: Armour fits poorly on your strangely
                  | shaped body. [potion of mutation]
  1047 | D        | Bought a potion of mutation for 104 gold pieces
  1047 | D        | Lost mutation: Your body sometimes deteriorates upon taking
                  | damage. [potion of mutation]
  1047 | D        | Lost mutation: You are frail. (-10% HP) [potion of
                  | mutation]
  1047 | D        | Gained mutation: You are weak. (Str -2) [potion of
                  | mutation]
  1047 | D        | Lost mutation: You are weak. (Str -2) [potion of mutation]
  1103 | D        | Noticed a demonic crawler
  1103 | D        | Noticed a demonic crawler
  1109 | D        | Killed a demonic crawler
  1113 | D        | Slain by a demonic crawler

Illustrated notes

Levels and vault maps discovered:
D:        dungeon_sprint_1 [red_sonja_temple_1, red_sonja_temple_small_1]

Skill      XL: |  1  2  3  4  5  6  7  8  9 10 11 |
---------------+----------------------------------+-----
Fighting       | 3 5 6 9 10 11 13 14 | 14.0
Dodging        | 3 5 6 8 9 10 11 13 | 13.8
Unarmed Combat | 4 6 7 10 11 12 13 15 16 | 16.2

Action                     |  1- 3 |  4- 6 |  7- 9 | 10-12 || total
---------------------------+-------+-------+-------+-------++-------
  Melee: Unarmed           |    18 |    12 |    39 |    59 ||   128
         Punch             |     1 |     2 |     5 |     5 ||    13
 Invoke: Berserk           |       |     2 |       |     1 ||     3
         Brothers in Arms  |       |       |       |     2 ||     2
  Evoke: Wand              |     1 |     1 |     1 |       ||     3
    Use: Potion            |       |     1 |       |     2 ||     3
         Scroll            |       |       |     1 |       ||     1
 Armour: Animal skin       |    11 |    10 |    10 |       ||    31
         Troll leather arm |       |       |    48 |    53 ||   101
  Dodge: Dodged            |     8 |     4 |    25 |    28 ||    65

Table legend: (Time is in decaauts)
 A = Elapsed time spent in this place.
 B = Non-inter-level travel time spent in this place.
 C = Inter-level travel time spent in this place.
 D = Time resting spent in this place.
 E = Time spent auto-exploring this place.
 F = Levels seen in this place.
 G = Mean time per level.
                   A        B        C        D        E       F      G
               +--------+--------+--------+--------+--------+-----+--------+
         Total |   1095 |    904 |    191 |    299 |     70 |   1 | 1095.0 |
       Dungeon |   1095 |    904 |    191 |    299 |     70 |   1 | 1095.0 |
               +--------+--------+--------+--------+--------+-----+--------+

Top non-repeatable levels by time:
       D: 1095 daAuts
